cohdb
Replays
Latest Replays
All Replays
Popular Replays
Top Player Replays
Match Explorer
How It Works
Community
CoH3 Stats
Reddit
Sign in to upload your games and track your stats! →
Sign in with Steam
Match 23644802
Unlisted
Match 23644802
Overview
Messages
Build Orders
End
Engineer Squad
Construct Barracks
1⁄4-ton 4x4 Truck
Selects Armored Battlegroup
M1 Mortar Team
Construct Weapon Support Center
Construct Medical Station
Bazooka Squad
Air Support Center
Selects Strength in Steel
Construct Motor Pool
M8 Greyhound Armored Car
P-47 Strafing Run
M8 Greyhound Armored Car
Selects Veteran Crews
Selects M8 Scott SPG
Selects UNKNOWN (2160077)
M24 Chaffee Light Tank
Bazooka Squad
Bazooka Squad
P-47 Dive Bomb
Construct Tank Depot
Riflemen Squad
Riflemen Squad
你说是,那便是吧
Reondell
永远不死 活着
iceman
Manah
SLAVA UKRAIN
0
0
Comments
sign in to comment!
No comments posted yet!